 Dungeon Crawl Stone Soup version 0.18.1-5-g4a78601 (webtiles) character file.

15554 Chiseanne the Destroyer (level 12, -1/74 HPs)
             Began as a Demonspawn Wizard on May 10, 2016.
             Was an Initiate of Gozag.
             Slain by an orc warlord
             ... wielding a +0 battleaxe
              (26 damage)
             ... on level 1 of the Orcish Mines.
             The game lasted 00:56:00 (15913 turns).

Chiseanne the Destroyer (Demonspawn Wizard)        Turns: 15913, Time: 00:56:01

Health: -1/74      AC: 22    Str:  8    XL:     12   Next: 2%
Magic:  0/28       EV: 14    Int: 23    God:    Gozag
Gold:   821        SH:  8    Dex: 10    Spells: 5 memorised, 24 levels left

rFire  + + .     SeeInvis +     a - +4 dagger (venom)
rCold  + . .     Gourm    .     T - +1 leather armour {rF+}
rNeg   . . .     Faith    .     y - +3 buckler {AC+3}
rPois  +         Spirit   +     z - +2 helmet {SInv}
rElec  +         Dismiss  .     H - +0 cloak
rCorr  +         Reflect  .     (no gloves)
SustAt .         Harm     .     A - +0 pair of boots
MR     .....                    (no amulet)
Stlth  ++........               q - +3 ring of evasion
                                k - +4 ring of slaying

@: resistant, flying, repel missiles, not resistant to hostile enchantments,
unstealthy
A: talons 1, rough black scales 3, powered by death 2, magic shield, magic
regeneration, magic link
a: Potion Petition, Call Merchant, Bribe Branch, Renounce Religion


You were on level 1 of the Orcish Mines.
You worshipped Gozag.
Gozag was noncommittal.
You were not hungry.

You visited 3 branches of the dungeon, and saw 13 of its levels.

You collected 3270 gold pieces.
You spent 1043 gold pieces at shops.
You paid 1406 gold pieces to Gozag.

Inventory:

Hand Weapons
 a - a +4 dagger of venom (weapon)
 e - a +1 hunting sling of flaming
 s - a +2 whip of electrocution
 u - a cursed +0 rapier
 w - a +3 rapier of protection
 U - a +0 mace of protection
Missiles
 g - 370 stones (quivered)
 h - 104 arrows
 i - 4 needles of sleeping
 j - 91 bolts
 l - 36 sling bullets
 E - 2 throwing nets
 F - 28 poisoned needles
 O - 4 tomahawks
Armour
 v - a +1 robe of magic resistance
 y - a +3 buckler of protection (worn)
 z - a +2 helmet of see invisible (worn)
 A - a +0 pair of boots (worn)
 H - a +0 cloak (worn)
 J - a +1 robe of positive energy
 P - the +1 leather armour of Uhonabb {+Fly}
   (You found it on level 9 of the Dungeon)

   It lets you fly.
 S - a +1 robe of the Archmagi
 T - a +1 leather armour of fire resistance (worn)
Rods
 d - a +4 rod of shadows (14/14)
   (You found it on level 8 of the Dungeon)
Jewellery
 k - a +4 ring of slaying (left hand)
 q - a +3 ring of evasion (right hand)
 r - an uncursed ring of wizardry
 V - an uncursed ring of protection from magic
Wands
 x - a wand of acid (0/15)
Scrolls
 f - 6 scrolls of remove curse
 B - 2 scrolls of teleportation
Potions
 n - 4 potions of curing
 p - a potion of invisibility {unknown}
 t - a potion of heal wounds {unknown}
 C - a potion of magic {unknown}
 D - a potion of brilliance {unknown}
 G - 2 potions of might
 I - a potion of cancellation
 K - a potion of berserk rage {unknown}
 L - 2 potions of haste {unknown}
 M - a potion of agility {unknown}
 N - 2 potions of cure mutation
Books
 c - a book of Minor Magic

   Spells                             Type                      Level
   a - Magic Dart                     Conjuration                  1
   b - Blink                          Translocation                2
   c - Call Imp                       Summoning                    2
   d - Repel Missiles                 Charms/Air                   2
   e - Slow                           Hexes                        2
   f - Conjure Flame                  Conjuration/Fire             3
   g - Mephitic Cloud                 Conjuration/Poison/Air       3
Comestibles
 o - 5 meat rations
 R - 12 royal jellies


   Skills:
 - Level 1.7 Dodging
 - Level 1.7 Stealth
 - Level 6.0 Shields
 * Level 12.2 Spellcasting
 * Level 12.7 Conjurations
   Level 1.0 Summonings
 - Level 0.8 Translocations


You had 24 spell levels left.
You knew the following spells:

 Your Spells              Type           Power        Failure   Level  Hunger
a - Magic Dart            Conj           ####         1%          1    None
b - Blink                 Tloc           N/A          10%         2    None
c - Repel Missiles        Chrm/Air       ##....       12%         2    None
d - Mephitic Cloud        Conj/Pois/Air  ####....     4%          3    None
e - Conjure Flame         Conj/Fire      #####...     1%          3    None


Dungeon Overview and Level Annotations

Branches:
Dungeon (11/15)            Temple (1/1) D:5            Lair (0/8) D:11
    Orc (1/2) D:9

Altars:
Ashenzari
Gozag
Kikubaaqudgha
Makhleb
Nemelex Xobeh
Pakellas
Ru
Vehumet
Yredelemnul
The Shining One

Shops:
D:4 *   D:7 [   D:8 *   D:11 :[

Annotations:
D:3 CcS's ghost, amateur NaBe
D:5 George's ghost, novice DsGl


Innate Abilities, Weirdness & Mutations

You have sharp toenails.
You are completely covered in rough black scales (AC +10, Dex -3).
You regenerate health from kills.
When hurt, damage is shared between your health and your magic reserves.
You regenerate magic rapidly.
When low on magic, you restore magic in place of health.


Message History

You don't have enough magic to cast that spell.
Drink which item? (? for menu, Esc to quit)
It was a potion of flight.
You feel very buoyant.
You fly up into the air.
Okay, then.
Drink which item? (? for menu, Esc to quit)
It was a potion of resistance.
You feel protected. You block the orc warlord's attack.
You hit the orc warlord.
The orc warlord is almost dead.
You completely miss the orc warlord.
The orc warlord is almost dead.
The orc warlord hits you with a battleaxe!!
You hit the orc warlord but do no damage.
The orc warlord is almost dead.
The orc warlord hits you with a battleaxe!!
You die...
Your body crumbles into a pile of gold.

####.....).)....
##.#............. ###
#..........>..... ##.##
##.#..#.......... ####...#
##.............. ####.###.##
##.........#...
##.#...#...#######............
###.........###.##..........#...
##.##.......###.@o...........#.#.
....#.......##...##.###..........
#...........###.##### ###........
....#.......#....# ##.#......
.......o........## #...##....
..............### ##.##...#.
.........#.....# #####.#..
..........#...## ###...
.............## ##.....


You could see an orc warlord.

Vanquished Creatures
  Erolcha (D:9)
  4 hill giants
  2 orc sorcerers (Orc:1)
  Pikel (D:7)
  A griffon (D:11)
  A cyclops (Orc:1)
  Joseph (D:7)
  Psyche (D:8)
  2 centaur skeletons
  2 komodo dragons (D:11)
  2 trolls
  A queen bee (D:9)
  A two-headed ogre (D:11)
  Prince Ribbit (D:9)
  A wraith (D:10)
  A wyvern (D:9)
  5 yaks (D:10)
  3 hippogriffs
  2 wargs (Orc:1)
  A soldier ant (D:10)
  A swamp drake (D:11)
  3 sky beasts
  3 ice beasts
  12 orc warriors
  3 slaves (D:7)
  3 phantoms
  8 ogres
  An eye of draining (D:10)
  2 centaurs
  4 crocodiles (D:11)
  5 giant frogs
  A wyvern zombie (D:9)
  4 scorpions
  A water moccasin skeleton (D:9)
  21 killer bees (D:9)
  4 wights (D:8)
  A howler monkey (D:4)
  2 crimson imps
  A giant frog zombie (D:5)
  5 hounds
  A centaur zombie (D:10)
  9 orc priests
  2 wasp zombies
  3 gnoll shamans
  3 jellies
  3 iguanas (D:11)
  20 orc wizards
  8 worker ants
  A hound skeleton (D:8)
  A worker ant zombie (D:6)
  Robin (D:4)
  44 gnolls
  13 adders
  6 shadow imps
  2 adder skeletons (D:4)
  2 worms (D:4)
  2 dart slugs
  4 giant geckos
  45 orcs
  3 giant cockroaches
  9 hobgoblins
  20 jackals
  5 quokkas
  4 bats (D:2)
  4 giant newts
  16 goblins
  5 kobolds
  A quokka skeleton (D:6)
  A rat (D:3)
357 creatures vanquished.

Vanquished Creatures (collateral kills)
  2 killer bees (D:9)
2 creatures vanquished.

Vanquished Creatures (others)
  A killer bee (D:9)
  An adder zombie (D:7)
2 creatures vanquished.

Grand Total: 361 creatures vanquished

Notes
Turn   | Place    | Note
--------------------------------------------------------------
     0 | D:1      | Chiseanne the Demonspawn Wizard began the quest for the Orb.
     0 | D:1      | Reached XP level 1. HP: 13/13 MP: 4/4
   476 | D:1      | Gained mutation: When hurt, damage is shared between your health and your magic reserves. [demonic ancestry]
   476 | D:1      | Reached XP level 2. HP: 19/19 MP: 3/6
   925 | D:2      | Reached XP level 3. HP: 24/24 MP: 1/8
   989 | D:2      | Learned a level 2 spell: Blink
   992 | D:2      | Learned a level 2 spell: Repel Missiles
   996 | D:2      | Learned a level 3 spell: Mephitic Cloud
  1316 | D:2      | Found a faded altar to an unknown god.
  1849 | D:3      | Noticed CcS's ghost (amateur NaBe)
  1992 | D:3      | Gained mutation: You are partially covered in rough black scales (AC +4, Dex -1). [demonic ancestry]
  1992 | D:3      | Reached XP level 4. HP: 30/30 MP: 1/10
  2644 | D:3      | Found an opulent altar of Gozag.
  2646 | D:3      | Found an ancient bone altar of Kikubaaqudgha.
  2646 | D:3      | Found a sparkling altar of Nemelex Xobeh.
  2652 | D:3      | Became a worshipper of Gozag Ym Sagoz the Greedy
  2746 | D:3      | Gained mutation: You are mostly covered in rough black scales (AC +7, Dex -2). [demonic ancestry]
  2746 | D:3      | Reached XP level 5. HP: 32/35 MP: 5/11
  3140 | D:4      | Found Yngua's Assorted Antiques.
  3143 | D:4      | Bought a scroll labeled MAUSTR RYEQUK for 25 gold pieces
  3143 | D:4      | Bought a scroll labeled SUDWUC GYVE for 25 gold pieces
  3143 | D:4      | Bought a scroll labeled LISIAP LOBRAVY for 25 gold pieces
  3147 | D:4      | Bought a gilded ring for 125 gold pieces
  3157 | D:4      | Noticed a phantom
  3210 | D:4      | Killed a phantom
  3210 | D:4      | Reached skill level 5 in Spellcasting
  3210 | D:4      | Gained mutation: You have sharp toenails. [demonic ancestry]
  3210 | D:4      | Reached XP level 6. HP: 36/41 MP: 0/13
  3418 | D:4      | Noticed Robin
  3471 | D:4      | Killed Robin
  4458 | D:4      | Bought a tapered gold wand for 100 gold pieces
  4458 | D:4      | Bought a runed robe for 17 gold pieces
  4480 | D:4      | Reached skill level 5 in Conjurations
  4484 | D:4      | Bought a twisted iron wand for 100 gold pieces
  4668 | D:3      | Learned a level 3 spell: Conjure Flame
  4736 | D:3      | Gained mutation: You are completely covered in rough black scales (AC +10, Dex -3). [demonic ancestry]
  4736 | D:3      | Reached XP level 7. HP: 46/46 MP: 10/15
  5009 | D:5      | Entered Level 5 of the Dungeon
  5038 | D:4      | Bought an inky potion for 22 gold pieces
  5038 | D:4      | Bought an orange potion for 22 gold pieces
  5871 | D:5      | Found a staircase to the Ecumenical Temple.
  5926 | Temple   | Entered the Ecumenical Temple
  6205 | D:5      | Found a shattered altar of Ashenzari.
  6490 | D:5      | Noticed George's ghost (novice DsGl)
  6667 | D:5      | Gained mutation: You regenerate magic rapidly. [demonic ancestry]
  6667 | D:5      | Reached XP level 8. HP: 52/52 MP: 13/18
  8071 | D:6      | Reached XP level 9. HP: 57/57 MP: 14/21
  8554 | D:7      | Bought a glowing buckler for 99 gold pieces
  8554 | D:7      | Bought a glowing helmet for 99 gold pieces
  8554 | D:7      | Bought a runed robe for 15 gold pieces
  8663 | D:7      | Reached skill level 1 in Shields
  9098 | D:7      | Noticed Joseph
  9139 | D:7      | Noticed Pikel
  9152 | D:7      | Killed Joseph
  9212 | D:7      | Killed Pikel
  9739 | D:8      | Noticed Psyche
  9753 | D:8      | Killed Psyche
  9850 | D:8      | Gained mutation: When low on magic, you restore magic in place of health. [demonic ancestry]
  9850 | D:8      | Reached XP level 10. HP: 63/63 MP: 10/22
  9984 | D:8      | Identified a +3 rod of shadows (13/13) (You found it on level 8 of the Dungeon)
 10568 | D:8      | Found Ihuipt's Assorted Antiques.
 10572 | D:8      | Bought a potion of curing for 90 gold pieces
 10572 | D:8      | Bought an emerald potion for 27 gold pieces
 10572 | D:8      | Bought a ruby potion for 27 gold pieces
 10572 | D:8      | Bought a scroll of enchant weapon for 225 gold pieces
 11027 | D:9      | Got a twisted leather armour
 11051 | D:9      | Noticed Erolcha
 11068 | D:9      | Killed Erolcha
 11068 | D:9      | Reached skill level 10 in Conjurations
 11113 | D:9      | Identified the +1 leather armour of Uhonabb {+Fly} (You found it on level 9 of the Dungeon)
 11116 | D:9      | Noticed Prince Ribbit
 11120 | D:9      | Killed Prince Ribbit
 11346 | D:9      | Found a staircase to the Orcish Mines.
 11402 | D:9      | Reached skill level 10 in Spellcasting
 12375 | D:10     | Entered Level 10 of the Dungeon
 12471 | D:10     | Gained mutation: You regenerate a little health from kills. [demonic ancestry]
 12471 | D:10     | Reached XP level 11. HP: 63/68 MP: 22/25
 13319 | D:10     | Noticed a hill giant
 13320 | D:10     | Noticed a hill giant
 13336 | D:10     | Killed a hill giant
 13344 | D:10     | Killed a hill giant
 13809 | D:11     | Identified Easy Sorcery
 13814 | D:11     | Found Dagobamp's Antique Armour Boutique.
 14351 | D:11     | Found a staircase to the Lair.
 14493 | D:11     | Noticed a hill giant
 14517 | D:11     | Killed a hill giant
 14574 | D:11     | Noticed a griffon
 14585 | D:11     | Killed a griffon
 14979 | D:10     | Noticed a hill giant
 14993 | D:10     | Killed a hill giant
 15044 | Orc:1    | Entered Level 1 of the Orcish Mines
 15147 | Orc:1    | Noticed an orc sorcerer
 15187 | Orc:1    | Killed an orc sorcerer
 15796 | Orc:1    | Noticed an orc warlord
 15807 | Orc:1    | Noticed an orc sorcerer
 15814 | Orc:1    | Gained mutation: You regenerate health from kills. [demonic ancestry]
 15814 | Orc:1    | Reached XP level 12. HP: 59/74 MP: 17/28
 15913 | Orc:1    | Slain by an orc warlord

Skill      XL: |  1  2  3  4  5  6  7  8  9 10 11 |
---------------+----------------------------------+-----
Conjurations   | 2 3 4 5 6 8 9 10 12 | 12.7
Spellcasting   | 4 5 6 8 10 12 | 12.2
Shields        | 6 |  6.0
Dodging        | |  1.7
Stealth        | |  1.7
Summonings     | |  1.0
Translocations | |  0.8

Action                   |  1- 3 |  4- 6 |  7- 9 | 10-12 || total
-------------------------+-------+-------+-------+-------++-------
Melee: Spear             |     7 |       |       |       ||     7
       Dagger            |     7 |    68 |   168 |   343 ||   586
       Kick              |       |     1 |    35 |     2 ||    38
 Cast: Magic Dart        |    88 |   130 |   323 |   493 ||  1034
       Repel Missiles    |     1 |       |       |     1 ||     2
       Mephitic Cloud    |       |       |    31 |    37 ||    68
       Conjure Flame     |       |       |    19 |    51 ||    70
       Blink             |       |       |     2 |     4 ||     6
Invok: Call Merchant     |       |       |     1 |     1 ||     2
Evoke: Wand              |       |       |     1 |     2 ||     3
  Use: Scroll            |     4 |     6 |     6 |     7 ||    23
       Potion            |     2 |       |       |     2 ||     4
 Stab: Distracted        |       |     1 |       |     1 ||     2
       Confused          |       |       |       |     6 ||     6
  Eat: Chunk             |     3 |     3 |       |       ||     6
       Bread ration      |       |     1 |     4 |     1 ||     6
       Pizza             |       |     1 |     1 |       ||     2
       Royal jelly       |       |       |       |     5 ||     5
       Fruit             |       |       |       |     3 ||     3
       Beef jerky        |       |       |       |     1 ||     1
Armor: Robe              |     4 |    14 |    48 |    59 ||   125
       Skin              |     4 |    18 |       |       ||    22
       Leather armour    |       |       |       |    31 ||    31
Dodge: Dodged            |    16 |    50 |   139 |   163 ||   368
       Deflected         |     1 |     1 |     1 |     1 ||     4
Block: Buckler           |       |       |    13 |   106 ||   119
